 Dungeon Crawl Stone Soup version 0.31-a0-1074-g0b22e4e0f1 (webtiles) character file.

Game seed: 1242086527518914379

610001 Lobster4 the Pyromancer (level 27, 0/224 HPs)
             Began as a Hill Orc Fire Elementalist on Dec 7, 2023.
             Was the Champion of Nemelex Xobeh.
             Splashed by an acid blob's acid (3 damage)
             ... on level 2 of the Realm of Zot on Dec 8, 2023.
             The game lasted 07:17:41 (124541 turns).

Lobster4 the Pyromancer (HOFE)                    Turns: 124541, Time: 07:17:41

Health: 0/224      AC: 15    Str: 18      XL:     27
Magic:  26/30      EV: 14    Int: 23      God:    Nemelex Xobeh [******]
Gold:   7199       SH: 22    Dex: 10 (11) Spells: 6/48 levels left

rFire   + + .        b - +9 broad axe (spect)
rCold   + + .        u - +2 kite shield {AC+3}
rNeg    + . .        S - +11 Cigotuvi's embrace {Corpsefed rMiasma Drain rN+}
rPois   +            P - +2 hat {Will+}
rElec   +            K - scarf {rC+ rF+}
rCorr   +            y - +2 pair of gloves {hurl}
SInv    .            O - +3 pair of mountain boots {steadfast, rC+}
Will    ++++.        j - amulet of reflection
Stlth   +            U - ring "Ofaubiuff" {Wiz Drain rElec rCorr}
HPRegen 0.57/turn    X - ring "Wusk" {rPois rF+ Will+ Str+3}
MPRegen 0.22/turn

%: reflection, wizardry (x1)
@: corroded, studying Polearms
A: hooves 1, deformed body, deterioration 1, low MP 2, screaming 1, weak 1, no
potion heal 1, inability to read after injury 1
}: 3/15 runes: decaying, serpentine, silver
a: Renounce Religion, Draw Escape, Draw Destruction, Draw Summoning, Draw Stack,
Triple Draw, Deal Four, Stack Five


You were on level 2 of the Realm of Zot.
You worshipped Nemelex Xobeh.
Nemelex Xobeh was exalted by your worship.
You visited 11 branches of the dungeon, and saw 48 of its levels.
You also visited: Ossuary, Bailey, Gauntlet and Ice Cave.

You collected 12313 gold pieces.
You spent 5114 gold pieces at shops.

Inventory:

Hand Weapons
 b - a +9 spectral broad axe (weapon)
 r - a +8 broad axe of freezing
 D - a +2 broad axe of electrocution
 T - a +4 broad axe of flaming
Armour
 h - a +1 kite shield of reflection
 u - a +2 kite shield of protection (worn)
 y - a +2 pair of gloves of hurling (worn)
 K - a scarf of resistance (worn)
 O - the +3 pair of mountain boots (worn) {steadfast, rC+}
   (You bought it in a shop on level 1 of the Dungeon)

   Steadfast: It prevents involuntary movement, except for blinking,
   teleportation, or banishment.
   rC+:       It protects you from cold.
 P - a +2 hat of willpower (worn)
 S - the +11 Cigotuvi's embrace (worn) {Corpsefed rMiasma Drain rN+}
   (You bought it in a shop on level 1 of the Dungeon)

   Corpsefed: It gathers nearby corpses to temporarily increase the armour it
   provides.
   rMiasma:   It protects you from foul pestilence.
   rN+:       It protects you from negative energy.
   Drain:     It drains your maximum health when unequipped.
Magical Staves
 a - the staff of the Whelk {rF+ rN+ Hexes Fire}
   (You acquired it on level 5 of the Dungeon)

   [staff of fire]

   Base accuracy: +5 Base damage: 5 Base attack delay: 1.2 This weapon's minimum
   attack delay (0.6) is reached at skill level 12.
   rF+:       It protects you from fire.
   rN+:       It protects you from negative energy.
   Hexes:     It increases the power of your Hexes spells.
   Fire:      It increases the power of your Fire spells.
   It falls into the 'Staves' category.
   It is a one-handed weapon.
 E - the staff of Xuby {rElec rF+ Str-3 Int+4 SInv Fire}
   (You found it on level 5 of the Lair of Beasts)

   [staff of fire]

   Base accuracy: +5 Base damage: 5 Base attack delay: 1.2 This weapon's minimum
   attack delay (0.6) is reached at skill level 12.
   Str-3:     It affects your strength (-3).
   Int+4:     It affects your intelligence (+4).
   rF+:       It protects you from fire.
   rElec:     It insulates you from electricity.
   SInv:      It lets you see invisible.
   Fire:      It increases the power of your Fire spells.
   It falls into the 'Staves' category.
   It is a one-handed weapon.
Jewellery
 i - the ring "Sadytz" {rPois rC+ Will++ rCorr}
   (You took it off a deep elf sorcerer on level 3 of the Elven Halls)

   [ring of resist corrosion]

   rC+:       It protects you from cold.
   rPois:     It protects you from poison Will++: It greatly increases your
   willpower.
   rCorr:     It protects you from acid and corrosion.
 j - an amulet of reflection (around neck)
 p - the ring "Guuxkexeq" {Wiz rElec rC+}
   (You found it on level 1 of the Lair of Beasts)

   [ring of wizardry]

   Wiz:       It improves your spell success rate.
   rC+:       It protects you from cold.
   rElec:     It insulates you from electricity.
 v - the ring "Effosem" {rF+ rC+ rCorr Int+2}
   (You acquired it on level 12 of the Dungeon)

   [ring of protection from fire]

   Int+2:     It affects your intelligence (+2).
   rF+:       It protects you from fire.
   rC+:       It protects you from cold.
   rCorr:     It protects you from acid and corrosion.
 M - the ring "Cinulo" {Fly rElec Stlth+}
   (You found it on level 5 of the Vaults)

   [ring of flight]

   rElec:     It insulates you from electricity.
   Fly:       It grants you flight.
   Stlth+:    It makes you more stealthy.
 U - the ring "Ofaubiuff" (left hand) {Wiz Drain rElec rCorr}
   (You found it on level 3 of the Vaults)

   [ring of wizardry]

   Wiz:       It improves your spell success rate.
   rElec:     It insulates you from electricity.
   rCorr:     It protects you from acid and corrosion.
   Drain:     It drains your maximum health when unequipped.
 X - the ring "Wusk" (right hand) {rPois rF+ Will+ Str+3}
   (You found it in a Gauntlet)

   [ring of willpower]

   Str+3:     It affects your strength (+3).
   rF+:       It protects you from fire.
   rPois:     It protects you from poison Will+: It increases your willpower.
Wands
 f - a wand of paralysis (48)
 o - a wand of roots (34)
 w - a wand of flame (180) (quivered)
 A - a wand of digging (40)
 F - a wand of light (27)
 I - a wand of mindburst (28)
Scrolls
 e - 6 scrolls of immolation
 l - 4 scrolls of blinking
 m - 11 scrolls of fear
 s - 3 scrolls of poison
 G - a scroll of revelation
 H - 8 scrolls of fog
 L - 3 scrolls of enchant armour
 V - 4 scrolls of teleportation
Potions
 c - 3 potions of heal wounds
 d - 6 potions of cancellation
 g - 7 potions of ambrosia
 k - 17 potions of lignification
 n - 18 potions of curing
 q - 6 potions of attraction
 t - 3 potions of haste
 B - 3 potions of mutation
 C - 2 potions of magic
 N - 6 potions of brilliance
 Q - 3 potions of resistance
 R - 8 potions of enlightenment
 W - 9 potions of invisibility
Miscellaneous
 x - a lightning rod (4/4)
 Y - a phantom mirror
 Z - a condenser vane


   Skills:
 - Level 14.0 Fighting
 - Level 19.0 Axes
 - Level 5.0 Staves
 - Level 1.0 Throwing
 - Level 13.0 Armour
 - Level 10.0 Dodging
 - Level 2.0 Stealth
 + Level 22.6 Shields
 - Level 11.0 Spellcasting
 + Level 24.2 Conjurations
 - Level 3.0 Hexes
 - Level 2.0 Translocations
 + Level 26.2 Fire Magic
 - Level 5.0 Air Magic
 - Level 15.0 Invocations
 - Level 5.0 Evocations


You had 6 spell levels left.
You knew the following spells:

 Your Spells              Type           Power      Damage    Failure   Level
a - Foxfire               Conj/Fire      100%       2x1d9     0%          1
b - Scorch                Fire           100%       2d9       0%          2
c - Fireball              Conj/Fire      45%        3d18      0%          5
d - Flame Wave            Conj/Fire      91%        2d19      0%          4
e - Volatile Blastmotes   Fire/Tloc      100%       2d18      1%          3
f - Sticky Flame          Conj/Fire      91%        2d10      0%          4
g - Ignition              Fire           46%        3d13      1%          8
i - Inner Flame           Hex/Fire       68%        N/A       1%          3
p - Plasma Beam           Fire/Air       35%        2x1d49    1%          6
s - Starburst             Conj/Fire      45%        6d13      1%          6

Your spell library contained the following spells:

 Spells                   Type           Power      Damage    Failure   Level
 Magic Dart               Conj           100%       1d8       0%          1
 Shock                    Conj/Air       100%       1d9       0%          1
 Iskenderun's Battlesphe  Conj           90%        2d14      0%          5
 Apportation              Tloc           42%        N/A       1%          1
 Slow                     Hex            100%       N/A       1%          1
 Jinxbite                 Hex            52%        N/A       1%          2
 Lesser Beckoning         Tloc           42%        N/A       1%          2
 Poisonous Vapours        Pois/Air       48%        N/A       1%          2
 Dazzling Flash           Conj/Hex       100%       N/A       1%          3
 Hailstorm                Conj/Ice       62%        3d13      1%          3
 Ignite Poison            Fire/Tmut/Pois 52%        N/A       1%          3
 Mephitic Cloud           Conj/Pois/Air  55%        N/A       1%          3
 Stone Arrow              Conj/Erth      100%       3d13      1%          3
 Swiftness                Air            35%        N/A       1%          3
 Brom's Barrelling Bould  Conj/Erth      62%        2d8       1%          4
 Fulminant Prism          Conj/Hex       33%        3d15      1%          4
 Iskenderun's Mystic Bla  Conj/Tloc      64%        2d13      1%          4
 Arcjolt                  Conj/Air       34%        1d44      1%          5
 Freezing Cloud           Conj/Ice/Air   27%        6-21      1%          5
 Irradiate                Conj/Tmut      31%        3d22      1%          5
 Conjure Ball Lightning   Conj/Air       34%        3x3d11    1%          6
 Freeze                   Ice            48%        1d6       2%          1
 Necrotise                Necr           48%        1d6       2%          1
 Sandblast                Erth           24%        2d8       2%          1
 Sting                    Tmut/Pois      48%        1d5       2%          1
 Summon Small Mammal      Summ           48%        N/A       2%          1
 Cigotuvi's Dreadful Rot  Necr/Pois/Air  40%        N/A       2%          2
 Ensorcelled Hibernation  Hex/Ice        38%        N/A       2%          2
 Confusing Touch          Hex            26%        N/A       2%          3
 Sigil of Binding         Hex            26%        N/A       2%          3
 Tukima's Dance           Hex            26%        N/A       2%          3
 Gell's Gravitas          Tloc           21%        N/A       3%          3
 Teleport Other           Tloc           21%        N/A       3%          3
 Airstrike                Air            17%        2d(3-19)  3%          4
 Bombard                  Conj/Erth      31%        9d6       3%          6
 Call Imp                 Summ           24%        N/A       4%          2
 Passwall                 Tmut/Erth      10%        N/A       4%          2
 Sublimation of Blood     Necr           12%        N/A       4%          2
 Wereblood                Tmut           12%        N/A       4%          2
 Vhi's Electric Charge    Tloc/Air       56%        N/A       6%          4
 Call Canine Familiar     Summ           12%        N/A       9%          3
 Frozen Ramparts          Ice            24%        1d4       9%          3
 Ozocubu's Armour         Ice            12%        N/A       9%          3
 Vampiric Draining        Necr           12%        2d6       9%          3
 Cause Fear               Hex            13%        N/A       9%          4
 Dimensional Bullseye     Hex/Tloc       12%        N/A       10%         4
 Summon Lightning Spire   Summ/Air       24%        N/A       10%         4
 Manifold Assault         Tloc           21%        N/A       12%         4
 Anguish                  Hex/Necr       9%         N/A       16%         4
 Leda's Liquefaction      Hex/Erth       9%         N/A       16%         4
 Silence                  Hex/Air        15%        N/A       16%         5
 Animate Armour           Summ/Erth      24%        N/A       26%         4
 Animate Dead             Necr           12%        N/A       26%         4
 Olgreb's Toxic Radiance  Pois           12%        N/A       26%         4
 Petrify                  Tmut/Erth      12%        N/A       26%         4
 Metabolic Englaciation   Hex/Ice        9%         N/A       38%         5
 Yara's Violent Unravell  Hex/Tmut       9%         3d6       38%         5
 Summon Forest            Summ/Tloc      8%         N/A       43%         5
 Agony                    Necr           12%        N/A       56%         5
 Lee's Rapid Deconstruct  Erth           6%         3d6*      56%         5
 Dispersal                Tloc           10%        N/A       86%         6
 Eringya's Noxious Bog    Tmut/Pois      6%         4d6       98%         6
 Simulacrum               Ice/Necr       6%         N/A       98%         6
 Spellforged Servitor     Conj/Summ      31%        N/A       16%         7
 Haunt                    Necr/Summ      6%         N/A       100%        7
 Malign Gateway           Summ/Tloc      8%         N/A       100%        7
 Ozocubu's Refrigeration  Ice            6%         4d8       100%        7
 Summon Hydra             Summ           6%         N/A       100%        7
 Borgnjor's Revivificati  Necr           6%         N/A       100%        8
 Discord                  Hex            13%        N/A       100%        8
 Disjunction              Tloc           10%        N/A       100%        8
 Infestation              Necr           6%         N/A       100%        8
 Maxwell's Capacitive Co  Air            17%        ∞         100%        8
 Summon Horrible Things   Summ           6%         N/A       100%        8
 Death's Door             Necr           6%         N/A       100%        9
 Dragon's Call            Summ           6%         N/A       100%        9
 Polar Vortex             Ice            6%         N/A       100%        9


Dungeon Overview and Level Annotations

Branches:
Dungeon (15/15)            Temple (1/1) D:4            Lair (5/5) D:9
  Swamp (4/4) Lair:2        Snake (4/4) Lair:3        Slime (0/5) Lair:4
    Orc (2/2) D:12            Elf (3/3) Orc:2        Vaults (5/5) D:14
  Crypt (3/3) Vaults:3       Tomb (0/3) Crypt:3      Depths (4/4) D:15
    Zot (2/5) Depths:4    Ossuary (visited)          Bailey (visited)
  IceCv (visited)         Gauntlet (visited)

Altars:
Ashenzari
Cheibriados
Dithmenos
Elyvilon
Fedhas
Gozag
Hepliaklqana
Kikubaaqudgha
Makhleb
Nemelex Xobeh
Okawaru
Qazlal
Ru
Sif Muna
Trog
Uskayaw
Vehumet
Wu Jian
Xom
Yredelemnul
Zin
The Shining One
Beogh
Jiyva

Shops:
D:1 [   D:5 =[   D:6 *   D:12 ?!   Orc:1 [   Orc:2 [([[   Elf:2 :*=   Elf:3 *
Snake:3 ([::!   Depths:3 [

Portals:
Hell: Depths:1 Depths:2 Depths:3 Depths:4
Abyss: Depths:1 Depths:3 Depths:4
Pandemonium: Depths:2
Ziggurat: Depths:1

Annotations:
D:7 1 runed translucent door, exclusion: 4 orange crystal statues


Innate Abilities, Weirdness & Mutations

You have large cloven feet.
Armour fits poorly on your strangely shaped body.
Your body sometimes deteriorates upon taking damage.
Your magical capacity is very low. (-20% MP)
You occasionally shout uncontrollably at your foes.
You are weak. (Str -2)
Potions are less effective at restoring your health.
You occasionally lose the ability to read scrolls when taking damage.


Message History

You catch the helpless acid blob completely off-guard!
You slash the acid blob!
You kill the acid blob!
You hit the acid blob but do no damage.
Your hands burn!
* * * LOW HITPOINT WARNING * * *
Your +9 spectral broad axe hits the acid blob but does no damage.
Your +9 spectral broad axe is burned by acid!
Your spectral weapon shares its damage with you!
* * * LOW HITPOINT WARNING * * *
You hit the acid blob.
Your hands burn!
* * * LOW HITPOINT WARNING * * *
The acid blob is lightly wounded.
Your +9 spectral broad axe hits the acid blob.
Your +9 spectral broad axe is burned by acid!
Your spectral weapon shares its damage with you!
* * * LOW HITPOINT WARNING * * *
The acid blob hits you!!
* * * LOW HITPOINT WARNING * * *
You are splashed with acid.
You resist.
* * * LOW HITPOINT WARNING * * *
The yellow draconian annihilator mumbles some strange words.
The yellow draconian annihilator blinks!
Your system partially rejects the healing.
You feel much better.
Your +9 spectral broad axe disappears.
The acid blob spits acid at you. The splash of acid hits you! You resist.
* * * LOW HITPOINT WARNING * * *
The yellow draconian annihilator gestures wildly while chanting.
The yellow draconian annihilator blinks!
You draw a card...
You have drawn Pain.
Press: ? - help, Shift-Dir - straight line, f - acid blob
Aim: an acid blob (lightly wounded)
The acid blob convulses!
The acid blob closely misses you. The acid blob hits you!
* * * LOW HITPOINT WARNING * * *
You are splashed with acid.
You resist.
You die...
Your body glows with a rainbow of weird colours and disappears.

...# #....###..###....###.......
..##.##.))##......##)..####......
d....#..)##........##J..#.##..)..
!....#.))#....>..q..#...#..##....
....##.)[#.....>....#...#...##..#
...###...#....>.....#J..#....##..
....##...##..).....##...#...##..#
.....##...##......##...##....).##
......#....##...@##....#......##.
......##....#...J#....##.....##..
#......##........§...##.....##...
##......###........###.....##...#
.##.......###....###......##....#
..##.......#######.......##......
...##...#...#...........##.......
....##..##..............#........
##..)##..##.....................#


You could see an acid blob and a yellow draconian annihilator.

Vanquished Creatures
  2 dread liches
  3 orbs of fire (Zot:1)
  3 ancient liches
  A juggernaut (Depths:4)
  Sojobo (Crypt:2)
  A shard shrike (Zot:2)
  5 caustic shrikes
  Saint Roka (Vaults:1)
  Xtahua (Vaults:4)
  5 golden dragons
  Nikola (Vaults:1)
  A shard shrike zombie (Crypt:2)
  11 tentacled monstrosities
  2 walking crystal tomes (Depths:2)
  2 liches (Crypt:3)
  Mlioglotl (Snake:2)
  Asterion (Vaults:3)
  2 deep elf blademasters
  8 titans
  The ghost of Jiagg the Brawler, an adept DrMo of Ru (Snake:3)
  2 deep elf master archers (Elf:3)
  8 quicksilver dragons
  7 sphinxes
  9 acid blobs (Zot:2)
  4 death cobs
  10 shadow dragons
  7 ancient champions
  3 thorn hunters (Swamp:2)
  4 nagarajas
  14 storm dragons
  7 draconian monks
  Donald (Swamp:4)
  12 tengu reavers
  4 revenants
  15 frost giants
  9 fire giants
  Roxanne (Swamp:4)
  7 draconian scorchers
  6 deep elf sorcerers
  A balrug (Depths:3)
  2 iron dragons (Depths:3)
  An orc warlord (Orc:2)
  18 vault wardens
  A caustic shrike zombie (Crypt:2)
  3 draconian shifters
  2 ghost moths
  A juggernaut zombie (Crypt:3)
  6 deep elf elementalists (Elf:3)
  The ghost of Feumiesk the Spry, an adept FeEE of Gozag (Swamp:3)
  3 curse skulls
  The ghost of Beryl the Spear-Bearer, a journeyman DsIE of Vehumet (Lair:5)
  27 ironbound preservers
  3 ghouls
  3 draconian stormcallers
  A spriggan defender (Depths:2)
  5 draconian annihilators
  A reaper (Depths:4)
  3 war gargoyles
  A quicksilver ooze (Depths:2)
  16 very ugly things
  7 ironbound thunderhulks
  6 green draconians
  20 stone giants
  Nessos (Lair:3)
  9 vampire knights
  7 eleionomae
  8 black draconians
  4 deep elf demonologists
  14 red draconians
  6 purple draconians
  9 spark wasps
  17 yellow draconians
  14 deep elf annihilators
  20 dire elephants
  2 minotaurs
  8 bunyips
  3 white draconians
  The ghost of Neqioxon the Carver, a journeyman MiFi of Okawaru (Lair:1)
  The ghost of kd29 the End of an Era, a journeyman GrMo of Qazlal (D:13)
  15 deep elf death magi
  7 eidola
  11 ettins
  3 shambling mangroves
  2 mummy priests (Crypt:3)
  7 fire dragons
  2 entropy weavers
  4 deep elf high priests
  13 yaktaur captains
  24 jiangshi
  A spriggan zombie (Crypt:2)
  A quicksilver dragon skeleton (Crypt:3)
  11 great orbs of eyes
  The ghost of SheepSpotted the Mimic, a journeyman DrSh of the Shining One (Orc:1)
  Harold (D:10)
  5 salamander tyrants
  13 ice dragons
  16 hydras
  A caustic shrike simulacrum (Crypt:3)
  14 centaur warriors
  9 alligators
  41 vault guards
  5 ghost crabs
  5 rakshasas (Depths:3)
  A peacekeeper (Vaults:4)
  3 ogre magi
  5 ironbound frosthearts
  An anaconda (shapeshifter) (Vaults:5)
  7 spriggan air magi
  2 death knights (Crypt:1)
  9 anacondas
  2 two-headed ogres
  31 dancing weapons
  3 boulder beetles
  A fenstrider witch skeleton (Crypt:3)
  An orc high priest (Elf:1)
  5 tengu warriors
  13 naga warriors
  14 death yaks
  4 occultists
  6 deep troll earth magi
  Urug (D:10)
  5 deep troll shamans
  7 vampire magi
  5 naga sharpshooters
  8 shock serpents
  2 titan zombies
  19 hell knights
  13 deep elf knights
  Amaemon (Lair:1)
  An emperor scorpion zombie (Crypt:3)
  Nergalle (Orc:1)
  5 spriggan berserkers
  2 soul eaters
  5 salamander mystics (Snake:4)
  4 shadow wraiths
  A storm dragon skeleton (Crypt:2)
  24 skeletal warriors
  A bunyip zombie (Crypt:2)
  5 iron trolls
  19 sea snakes
  72 deep trolls
  7 goliath frogs
  The ghost of MakMorn the Trooper, a novice DjAE of Ashenzari (D:6)
  3 glowing orange brains
  5 skysharks
  8 spriggan druids
  12 flayed ghosts
  3 naga ritualists
  8 bog bodies
  2 spriggan simulacra
  A harpy (shapeshifter) (D:15)
  2 harpies
  9 phantasmal warriors
  7 arcanists
  8 swamp dragons
  An iron giant skeleton (Crypt:3)
  16 necromancers
  An obsidian statue (IceCv)
  8 lindwurms
  28 deep elf pyromancers
  21 deep elf zephyrmancers
  10 deep elf archers
  6 orc knights
  A mana viper (shapeshifter) (Depths:3)
  40 ugly things
  A shining eye (Vaults:4)
  5 oklob plants
  22 ironbound convokers
  A faun (shapeshifter) (Vaults:4)
  5 mana vipers
  2 tengu skeletons
  A stone giant zombie (Vaults:4)
  16 salamanders
  19 moths of wrath
  6 cyclopes
  5 manticores
  A will-o-the-wisp (Swamp:4)
  7 orc sorcerers
  29 black mambas
  A centaur zombie (Crypt:3)
  31 elephants
  18 naga magi
  An iron dragon skeleton (Crypt:2)
  7 guardian serpents
  An eleionoma skeleton (Crypt:2)
  21 vault sentinels
  3 dire elephant zombies
  An alligator snapping turtle zombie (Crypt:1)
  5 apocalypse crabs (Swamp:2)
  2 torpor snails (Lair:5)
  An orange demon (Lair:1)
  3 centaur skeletons
  3 gargoyles (D:12)
  4 unseen horrors
  13 komodo dragons
  19 cane toads
  A rime drake (shapeshifter) (Depths:3)
  4 rime drakes
  A komodo dragon (shapeshifter) (Depths:3)
  Psyche (D:10)
  An orb spider zombie (Crypt:1)
  7 ice devils (IceCv)
  39 yaktaurs
  A catoblepas zombie (Crypt:2)
  A bunyip simulacrum (Crypt:1)
  3 efreet
  7 freezing wraiths
  A mana viper zombie (Crypt:3)
  A steelbarb worm zombie (Crypt:1)
  4 tengu conjurers
  An anaconda simulacrum (IceCv)
  A hydra zombie (Swamp:2)
  2 grey draconian skeletons
  5 guardian mummies (Crypt:3)
  2 harpy zombies (Crypt:3)
  A meliai (D:13)
  A polar bear (Lair:3)
  5 trolls
  A yellow draconian skeleton (Crypt:1)
  3 bloated husks
  4 tyrant leeches
  21 hornets
  2 wind drakes (Lair:5)
  2 harpy skeletons
  A hornet (shapeshifter) (Vaults:3)
  An ice dragon zombie (Crypt:2)
  39 blink frogs
  2 alligator simulacra (IceCv)
  4 dream sheep
  6 glass eyes
  An ettin zombie (Crypt:1)
  2 snapping turtles (Lair:5)
  A raiju (Snake:3)
  5 flying skulls (Crypt:1)
  4 air elementals
  5 centaur simulacra
  2 ettin skeletons (Crypt:2)
  23 slime creatures
  5 vampires (D:13)
  11 wraiths
  A shadow (D:9)
  2 water elementals
  A naga simulacrum (Crypt:1)
  A wind drake zombie (Crypt:2)
  17 spriggans
  A culicivora (shapeshifter) (Vaults:5)
  45 yaks
  3 basilisks
  4 dire elephant simulacra (IceCv)
  A fire elemental (Elf:1)
  10 wyverns
  A yak (shapeshifter) (Elf:2)
  A redback (Vaults:5)
  2 golden eyes (Vaults:3)
  A redback (shapeshifter) (Vaults:5)
  3 steam dragons
  10 minotaur simulacra (IceCv)
  3 hogs (Snake:3)
  14 humans (D:14)
  A yaktaur simulacrum (Vaults:4)
  3 harpy simulacra (IceCv)
  7 vampire mosquitoes
  2 naga zombies
  A warg (Orc:2)
  A fire bat zombie (Crypt:1)
  36 nagas
  A swamp worm (shapeshifter) (Vaults:5)
  A hydra simulacrum (IceCv)
  13 swamp worms
  An acid dragon (D:9)
  A naga skeleton (Crypt:2)
  A two-headed ogre skeleton (Crypt:2)
  10 swamp drakes
  18 water moccasins
  An elephant zombie (Crypt:2)
  42 orc warriors
  A swamp drake (shapeshifter) (Depths:2)
  4 black bears
  An ice beast (D:7)
  2 ettin simulacra (IceCv)
  A fire dragon simulacrum (Crypt:1)
  A black mamba simulacrum (Crypt:2)
  2 orc zombies (Orc:1)
  15 wolves
  11 ogres
  2 boggarts (Vaults:3)
  A torpor snail zombie (Crypt:1)
  A rime drake zombie (Crypt:3)
  A phantom (D:4)
  16 centaurs
  10 kobold brigands
  9 bullfrogs
  A salamander skeleton (Crypt:2)
  A cyclops zombie (Orc:1)
  15 deep troll simulacra
  An earth elemental (Elf:2)
  A gnoll sergeant (D:8)
  Blork the orc (D:5)
  A komodo dragon skeleton (Crypt:3)
  6 scorpions
  12 wights
  An elf skeleton (Crypt:1)
  A warg zombie (Orc:1)
  A lindwurm simulacrum (IceCv)
  5 killer bees (D:11)
  3 spriggan skeletons (Crypt:3)
  A yak skeleton (Crypt:2)
  A troll skeleton (Crypt:1)
  2 howler monkeys
  9 electric eels
  6 hounds
  3 human zombies
  A wyvern simulacrum (Gauntlet)
  18 jellies
  27 orc priests
  Ijyb (D:5)
  3 sleepcaps
  2 iguanas
  A warg simulacrum (Orc:1)
  35 orc wizards
  A scorpion zombie (Crypt:3)
  An ogre zombie (Orc:1)
  A hound zombie (Ossuary)
  A hound skeleton (Crypt:2)
  16 mummies
  7 gnolls
  9 adders
  An orc skeleton (Orc:1)
  4 shadow imps
  2 white imps
  2 ufetubi (D:5)
  2 adder zombies (Ossuary)
  4 worms
  2 dart slugs
  118 orcs
  2 orc simulacra (Orc:1)
  5 bats
  4 endoplasms
  3 giant cockroaches
  4 goblins
  6 hobgoblins
  2 jackals (D:3)
  19 kobolds
  3 quokkas
  7 ball pythons
  A ball python skeleton (Crypt:1)
  4 frilled lizards
  A frilled lizard zombie (Crypt:2)
  A goblin zombie (Ossuary)
  2 hobgoblin zombies (Ossuary)
  2 jackal zombies (Ossuary)
  9 rats
  2 rat zombies (Ossuary)
  2 foxfires
  A spectral weapon (Elf:2)
2408 creatures vanquished.

Vanquished Creatures (collateral kills)
  Vv (Depths:2)
  2 curse toes (Crypt:3)
  A golden dragon (Zot:1)
  Norris (Elf:2)
  A tentacled monstrosity (Zot:2)
  An Ice Fiend (IceCv)
  An iron dragon (Depths:3)
  Louise (D:14)
  A draconian stormcaller (Zot:2)
  A curse skull (Crypt:2)
  A ghoul (Crypt:2)
  2 dire elephants (Vaults:1)
  A yellow draconian (Zot:2)
  A merfolk avatar (Lair:5)
  A salamander tyrant (Snake:4)
  3 death yaks (Lair:4)
  2 dancing weapons (Elf:1)
  A vampire mage (Crypt:1)
  A titan zombie (Crypt:1)
  A skyshark (Elf:2)
  A deep troll (Vaults:1)
  A swamp dragon (Swamp:4)
  A deep elf archer (Elf:1)
  A deep elf zephyrmancer (Elf:1)
  A manticore (D:12)
  A guardian serpent (Snake:3)
  2 hornets
  A spriggan (Swamp:4)
  A water elemental (Elf:1)
  An air elemental (Elf:1)
  A warg (Elf:1)
  A gnoll sergeant (D:10)
  An orc (Elf:1)
  25 foxfires
64 creatures vanquished.

Vanquished Creatures (others)
  A caustic shrike (Depths:3)
  A death cob (Zot:2)
  A draconian annihilator (Zot:1)
  A war gargoyle (Vaults:5)
  An occultist (D:15)
  A spriggan druid (Swamp:2)
  A deep troll (Vaults:1)
  An ironbound convoker (Vaults:1)
  A yaktaur (Vaults:1)
  A human (Snake:3)
  A warg (Vaults:4)
  An orc priest (Orc:2)
  An orc wizard (Orc:2)
  4965 foxfires
  77 spectral weapons
5055 creatures vanquished.

Grand Total: 7527 creatures vanquished

Notes
Turn   | Place    | Note
-------+----------+-------------------------------------------
     0 | D:1      | Lobster4 the Hill Orc Fire Elementalist began the quest for
                  | the Orb.
     0 | D:1      | Reached XP level 1. HP: 14/14 MP: 3/3
     3 | D:1      | Noticed an electric eel
     4 | D:1      | Noticed an electric eel
   467 | D:1      | Reached XP level 2. HP: 20/22 MP: 0/4
  1031 | D:1      | Found Xarecul's Antique Armour Shop.
  1147 | D:1      | Reached skill level 1 in Armour
  1341 | D:2      | Reached skill level 1 in Fighting
  1400 | D:2      | Reached XP level 3. HP: 28/28 MP: 2/5
  1817 | D:2      | Found a snail-covered altar of Cheibriados.
  1831 | D:2      | Learned a level 2 spell: Scorch
  1994 | D:2      | Reached XP level 4. HP: 35/35 MP: 2/6
  2493 | D:3      | Identified the +1 scale mail of the Hippogriff {rN+ Will-
                  | Int+2 Dex+3}
  2755 | D:3      | Found a broken altar of Ashenzari.
  3066 | D:3      | Reached XP level 5. HP: 41/41 MP: 1/8
  3153 | D:3      | Reached skill level 4 in Fire Magic
  3869 | D:4      | Reached skill level 1 in Axes
  3937 | D:4      | Reached XP level 6. HP: 50/50 MP: 0/9
  4189 | D:4      | Reached skill level 1 in Evocations
  4388 | D:4      | Found a staircase to the Ecumenical Temple.
  4392 | Temple   | Entered the Ecumenical Temple
  4461 | D:4      | Noticed a moth of wrath
  4464 | D:4      | Found a bloodstained altar of Trog.
  4778 | D:5      | Entered Level 5 of the Dungeon
  4819 | D:5      | Reached XP level 7. HP: 57/57 MP: 3/10
  4992 | D:5      | Found a transporter.
  5011 | D:5      | Noticed Blork the orc
  5017 | D:5      | Killed Blork the orc
  5192 | D:5      | Found a transporter.
  5253 | D:5      | Noticed Ijyb
  5258 | D:5      | Killed Ijyb
  5384 | D:5      | Found Paanutadgh's Jewellery Shop.
  5845 | D:5      | Found Axzuk's Antique Armour Shoppe.
  6141 | D:5      | Reached skill level 5 in Fire Magic
  6141 | D:5      | Reached XP level 8. HP: 57/63 MP: 1/12
  6519 | D:6      | Found Pitun's Assorted Antiques.
  6522 | D:6      | Found a sand-covered staircase.
  6528 | Ossuary  | Entered an ossuary
  7382 | D:6      | Found a hide-covered altar of Uskayaw.
  7382 | D:6      | Found an ancient bone altar of Kikubaaqudgha.
  7464 | D:6      | Found a stormy altar of Qazlal.
  7465 | D:6      | Found an ornate altar of the Wu Jian Council.
  7505 | D:6      | Reached XP level 9. HP: 73/73 MP: 3/14
  7624 | D:6      | Learned a level 4 spell: Flame Wave
  7625 | D:6      | Found a runed translucent door.
  7626 | D:6      | Noticed MakMorn's ghost (novice DjAE)
  7669 | D:6      | Reached skill level 5 in Axes
  7669 | D:6      | Reached skill level 1 in Shields
  7706 | D:6      | Reached skill level 5 in Fighting
  7809 | D:6      | Reached skill level 6 in Fire Magic
  7911 | D:6      | Found a shimmering blue altar of Sif Muna.
  8654 | D:7      | Found a runed translucent door.
  8697 | D:7      | Found the +10 tower shield of Ignorance {rN+ Int-4}
  8701 | D:7      | Noticed an orange crystal statue
  8701 | D:7      | Noticed an orange crystal statue
  8701 | D:7      | Noticed an orange crystal statue
  8701 | D:7      | Noticed an orange crystal statue
  8731 | D:7      | Reached skill level 5 in Armour
  9097 | D:7      | Found a runed translucent door.
  9339 | D:7      | Found a glowing silver altar of Zin.
  9469 | D:7      | Found a sparkling altar of Nemelex Xobeh.
  9474 | D:7      | Became a worshipper of Nemelex Xobeh the Trickster
  9712 | D:8      | Found a shimmering altar of Xom.
  9855 | D:8      | Reached skill level 5 in Conjurations
 10252 | D:8      | Reached skill level 1 in Invocations
 10929 | D:9      | Identified a scroll of acquirement
 10929 | D:9      | Acquired 721 gold pieces
 10932 | D:9      | Reached * piety under Nemelex Xobeh
 10932 | D:9      | Received a gift from Nemelex Xobeh
 11037 | D:9      | Reached XP level 10. HP: 73/83 MP: 11/16
 11053 | D:9      | Found a flagged portal.
 11176 | Bailey   | Entered a bailey
 11515 | Bailey   | Noticed an orc knight
 11575 | Bailey   | Killed an orc knight
 11576 | Bailey   | Reached skill level 7 in Fire Magic
 11772 | Bailey   | Found a bloodstained altar of Trog.
 11822 | D:9      | Found a sacrificial altar of Ru.
 12185 | D:1      | Bought the +4 Cigotuvi's embrace {Corpsefed rMiasma Drain
                  | rN+} for 496 gold pieces
 12185 | D:1      | Found the +4 Cigotuvi's embrace {Corpsefed rMiasma Drain
                  | rN+}
 12270 | D:5      | Bought the +2 pair of slick slippers {slick, slippery,
                  | EV+4} for 804 gold pieces
 12270 | D:5      | Found the +2 pair of slick slippers {slick, slippery, EV+4}
 12509 | D:9      | Paralysed by a hornet for 2 turns
 12703 | D:9      | Learned a level 3 spell: Volatile Blastmotes
 13394 | D:9      | Found a staircase to the Lair.
 13421 | D:9      | Noticed a seven-headed hydra
 13445 | D:9      | Killed a seven-headed hydra
 13446 | D:9      | Reached skill level 1 in Translocations
 13446 | D:9      | Reached XP level 11. HP: 38/91 MP: 2/18
 13670 | D:9      | Identified the +0 leather armour "Kuulu" {rF+ rCorr Str-5}
 13891 | D:10     | Entered Level 10 of the Dungeon
 13907 | D:10     | Reached ** piety under Nemelex Xobeh
 13907 | D:10     | Noticed Psyche
 13911 | D:10     | Killed Psyche
 14043 | D:10     | Noticed Urug
 14048 | D:10     | Received a gift from Nemelex Xobeh
 14049 | D:10     | Noticed Harold
 14087 | D:10     | Killed Harold
 14088 | D:10     | Reached skill level 5 in Shields
 14132 | D:10     | Noticed a two-headed ogre
 14140 | D:10     | Killed a two-headed ogre
 14141 | D:10     | Reached skill level 5 in Spellcasting
 14392 | D:10     | Noticed a centaur warrior
 14405 | D:10     | Killed a centaur warrior
 14406 | D:10     | Reached skill level 5 in Invocations
 14707 | D:10     | Identified the +5 ring mail "Paodoofu" {rN+ Str+5 Slay-2
                  | SInv}
 15205 | D:10     | Reached skill level 8 in Fire Magic
 16288 | D:11     | Learned a level 3 spell: Inner Flame
 16558 | D:11     | Noticed a white ugly thing
 16567 | D:11     | Killed a white ugly thing
 16724 | D:11     | You fall into a shaft and drop 1 floor!
 16724 | D:12     | Reached *** piety under Nemelex Xobeh
 16731 | D:12     | Noticed a manticore
 16744 | D:12     | Killed a manticore
 16745 | D:12     | Reached skill level 1 in Hexes
 16748 | D:12     | Reached XP level 12. HP: 74/101 MP: 7/19
 16924 | D:12     | Found Dunkil's Distillery.
 16927 | D:12     | Acquired the ring "Effosem" {rF+ rC+ rCorr Int+2}
 16934 | D:12     | Bought a potion of invisibility for 136 gold pieces
 16937 | D:12     | Identified the +5 chain mail of the Griffon {Rampage Will-
                  | Str+3}
 16954 | D:12     | Found a gate leading to a gauntlet.
 16963 | Gauntlet | Entered a Gauntlet
 16963 | Gauntlet | Found a transporter.
 16963 | Gauntlet | Found a transporter.
 16975 | Gauntlet | Found a transporter.
 16975 | Gauntlet | Found a transporter.
 16977 | Gauntlet | Found a large runed translucent door.
 16978 | Gauntlet | Found a large runed translucent door.
 16979 | Gauntlet | Found a large runed translucent door.
 16979 | Gauntlet | Found a large runed translucent door.
 16979 | Gauntlet | Found a runed translucent door.
 16979 | Gauntlet | Found a runed translucent door.
 16980 | Gauntlet | Found a large runed translucent door.
 16980 | Gauntlet | Found a large runed translucent door.
 16980 | Gauntlet | Found a large runed translucent door.
 16980 | Gauntlet | Found a large runed translucent door.
 16981 | Gauntlet | Found a large runed translucent door.
 16982 | Gauntlet | Found a large runed translucent door.
 16984 | Gauntlet | Found a transporter.
 16985 | Gauntlet | Found a large runed translucent door.
 16985 | Gauntlet | Found a large runed translucent door.
 16986 | Gauntlet | Found a large runed translucent door.
 16986 | Gauntlet | Found a large runed translucent door.
 16986 | Gauntlet | Found a large runed translucent door.
 16986 | Gauntlet | Found a large runed translucent door.
 16989 | Gauntlet | Found a runed translucent gate.
 16989 | Gauntlet | Found a runed translucent gate.
 16989 | Gauntlet | Found a runed translucent gate.
 16991 | Gauntlet | Found a transporter.
 16991 | Gauntlet | Noticed a soul eater
 16998 | Gauntlet | Noticed a dire elephant
 16999 | Gauntlet | Found a transporter.
 16999 | Gauntlet | Noticed a green death
 17001 | Gauntlet | Found a transporter.
 17001 | Gauntlet | Found a transporter.
 17005 | Gauntlet | Found a transporter.
 17055 | Gauntlet | Found a transporter.
 17101 | Gauntlet | Found a transporter.
 17115 | Gauntlet | Found a transporter.
 17215 | Gauntlet | Found a transporter.
 17233 | Gauntlet | Found a transporter.
 17242 | Gauntlet | Found a transporter.
 17259 | Gauntlet | Found a transporter.
 17276 | Gauntlet | Found a transporter.
 17290 | Gauntlet | Found a transporter.
 17290 | Gauntlet | Found a large runed translucent door.
 17291 | Gauntlet | Found a large runed translucent door.
 17292 | Gauntlet | Found a large runed translucent door.
 17292 | Gauntlet | Found a large runed translucent door.
 17307 | Gauntlet | Found a transporter.
 17309 | Gauntlet | Found a transporter.
 17319 | Gauntlet | Found a transporter.
 17335 | Gauntlet | Found a transporter.
 17349 | Gauntlet | Found a transporter.
 17363 | Gauntlet | Found a transporter.
 17381 | Gauntlet | Found a transporter.
 17452 | Gauntlet | Found a transporter.
 17454 | Gauntlet | Found a large runed translucent door.
 17455 | Gauntlet | Found a large runed translucent door.
 17456 | Gauntlet | Found a large runed translucent door.
 17456 | Gauntlet | Found a large runed translucent door.
 17457 | Gauntlet | Found a large runed translucent door.
 17458 | Gauntlet | Found a large runed translucent door.
 17459 | Gauntlet | Found a large runed translucent door.
 17459 | Gauntlet | Found a large runed translucent door.
 17460 | Gauntlet | Found a runed translucent door.
 17460 | Gauntlet | Found a runed translucent gate.
 17468 | Gauntlet | Found a transporter.
 17472 | Gauntlet | Found a transporter.
 17475 | Gauntlet | Found a transporter.
 17486 | Gauntlet | Found a runed translucent gate.
 17486 | Gauntlet | Found a runed translucent gate.
 17488 | Gauntlet | Found a large runed translucent door.
 17490 | Gauntlet | Found a runed translucent door.
 17494 | Gauntlet | Found a transporter.
 17501 | Gauntlet | Found a large runed translucent door.
 17638 | Gauntlet | Found a large runed translucent door.
 17638 | Gauntlet | Found a large runed translucent door.
 17675 | Gauntlet | Killed a soul eater
 17684 | Gauntlet | Identified the ring "Wusk" {rPois rF+ Will+ Str+3}
 17888 | Gauntlet | Identified the +5 sling of Day {flame, Str+2 Dex+2}
 17888 | Gauntlet | Identified the +1 tower shield of Dugom {Dex+3}
 17888 | Gauntlet | Noticed a minotaur
 17946 | Gauntlet | Killed a minotaur
 18162 | Gauntlet | Got the Exposition on Ensorcelling
 18165 | Gauntlet | Got the Verses on Angles
 18277 | D:12     | Received a gift from Nemelex Xobeh
 19393 | D:12     | Found a staircase to the Orcish Mines.
 19517 | D:12     | Found Hiunu's Magic Scroll Emporium.
 19526 | D:12     | Bought a scroll of blinking for 112 gold pieces
 19526 | D:12     | Bought a scroll of teleportation for 45 gold pieces
 19619 | Lair:1   | Entered Level 1 of the Lair of Beasts
 19643 | Lair:1   | Reached skill level 1 in Throwing
 19763 | Lair:1   | Reached **** piety under Nemelex Xobeh
 19921 | Lair:1   | Reached skill level 9 in Fire Magic
 19953 | Lair:1   | Noticed a boulder beetle
 19964 | Lair:1   | Killed a boulder beetle
 20123 | Lair:1   | Found a transporter.
 20127 | Lair:1   | Noticed Neqioxon's ghost (journeyman MiFi)
 20128 | Lair:1   | Noticed a five-headed hydra
 20128 | Lair:1   | Noticed a skyshark
 20546 | Lair:1   | Found a transporter.
 20568 | Lair:1   | Noticed Amaemon
 20586 | Lair:1   | Killed Amaemon
 20587 | Lair:1   | Reached skill level 10 in Axes
 20692 | Lair:1   | Received a gift from Nemelex Xobeh
 21249 | Lair:1   | Reached XP level 13. HP: 73/111 MP: 6/20
 21256 | Lair:1   | Identified the ring "Guuxkexeq" {Wiz rElec rC+}
 21490 | Lair:2   | Identified the scarf of the Harvest {harm, Fly rF- rC+
                  | Str+4}
 21660 | Lair:2   | Reached ***** piety under Nemelex Xobeh
 21787 | Lair:2   | Found a glowing silver altar of Zin.
 22185 | D:5      | Bought a runed hat for 147 gold pieces
 22198 | D:5      | Acquired the staff of the Whelk {rF+ rN+ Hexes Fire}
 22383 | Lair:2   | Received a gift from Nemelex Xobeh
 22861 | Lair:2   | Found a staircase to the Swamp.
 23298 | Lair:3   | Reached skill level 1 in Staves
 23443 | Lair:3   | Reached skill level 10 in Fighting
 23585 | Lair:3   | Received a gift from Nemelex Xobeh
 23752 | Lair:3   | Found a staircase to the Snake Pit.
 24801 | Lair:3   | Noticed Nessos
 24806 | Lair:3   | Killed Nessos
 24807 | Lair:3   | Reached skill level 10 in Fire Magic
 25459 | Lair:4   | Learned a level 5 spell: Fireball
 25829 | Lair:3   | Reached XP level 14. HP: 115/121 MP: 1/22
 26400 | Lair:4   | Reached skill level 5 in Dodging
 26703 | Lair:4   | Found a viscous altar of Jiyva.
 26704 | Lair:4   | Found a staircase to the Slime Pits.
 27068 | Lair:4   | Received a gift from Nemelex Xobeh
 27682 | Lair:4   | Reached skill level 10 in Invocations
 28001 | Lair:5   | Entered Level 5 of the Lair of Beasts
 28527 | Lair:5   | Received a gift from Nemelex Xobeh
 28986 | Lair:4   | Reached skill level 11 in Fire Magic
 29528 | Lair:5   | Reached skill level 10 in Armour
 29528 | Lair:5   | Reached skill level 10 in Conjurations
 29905 | Lair:5   | Reached skill level 10 in Shields
 30079 | Lair:5   | Paralysed by a hornet for 2 turns
 30087 | Lair:5   | Reached XP level 15. HP: 94/126 MP: 3/25
 30476 | Lair:5   | Found the +8 pair of quick blades "Gyre" and "Gimble"
                  | {protect}
 30847 | Lair:5   | Received a gift from Nemelex Xobeh
 30906 | Lair:5   | Found a runed translucent gate.
 30906 | Lair:5   | Found a runed translucent gate.
 30906 | Lair:5   | Found a runed translucent gate.
 30907 | Lair:5   | Noticed Beryl's ghost (journeyman DsIE)
 30932 | Lair:5   | Reached skill level 12 in Fire Magic
 31050 | Lair:5   | Found a bloodstained altar of Trog.
 33243 | Orc:1    | Entered Level 1 of the Orcish Mines
 33251 | Orc:1    | Reached skill level 13 in Fire Magic
 33285 | Orc:1    | Found a roughly hewn altar of Beogh.
 33529 | Orc:1    | Received a gift from Nemelex Xobeh
 33536 | Orc:1    | Noticed SheepSpotted's ghost (journeyman DrSh)
 33711 | Orc:1    | Noticed Nergalle
 33722 | Orc:1    | Killed Nergalle
 33842 | Orc:1    | Found a runed translucent gate.
 33842 | Orc:1    | Found a runed translucent gate.
 33842 | Orc:1    | Found a runed translucent gate.
 34308 | Orc:1    | Found Zeruj's Armour Emporium.
 34599 | Orc:1    | Received a gift from Nemelex Xobeh
 34756 | Orc:2    | Entered Level 2 of the Orcish Mines
 35485 | Orc:2    | Found a roughly hewn altar of Beogh.
 35593 | Orc:2    | Found Zeleit's Antique Armour Boutique.
 35695 | Orc:2    | Found a roughly hewn altar of Beogh.
 35705 | Orc:2    | Found a roughly hewn altar of Beogh.
 35838 | Orc:2    | Found a roughly hewn altar of Beogh.
 35986 | Orc:2    | Found a roughly hewn altar of Beogh.
 36010 | Orc:2    | Received a gift from Nemelex Xobeh
 36044 | Orc:2    | Found a staircase to the Elven Halls.
 36078 | Orc:2    | Found a roughly hewn altar of Beogh.
 36106 | Orc:2    | Found Xamisyish's Armour Boutique.
 36293 | Orc:2    | Noticed an orc warlord
 36301 | Orc:2    | Killed an orc warlord
 36316 | Orc:2    | Found Ehe Xakk's Antique Armour Shoppe.
 36317 | Orc:2    | Found a roughly hewn altar of Beogh.
 36320 | Orc:2    | Found Runa's Antique Weapon Emporium.
 36765 | Orc:2    | Bought an ancient leather armour for 189 gold pieces
 36765 | Orc:2    | Identified the +1 leather armour of Zedaheo {Contam rPois
                  | rN+++} (You bought it in a shop on level 2 of the Orcish
                  | Mines)
 37368 | D:13     | Found a runed translucent gate.
 37368 | D:13     | Found a runed translucent gate.
 37379 | D:13     | Found a runed translucent gate.
 37411 | D:13     | Noticed kd29's ghost (journeyman GrMo)
 37923 | D:13     | Found a burning altar of Makhleb.
 38118 | D:13     | Reached XP level 16. HP: 111/134 MP: 20/26
 38400 | Snake:1  | Entered Level 1 of the Snake Pit
 39655 | Snake:1  | Received a gift from Nemelex Xobeh
 40704 | Snake:2  | Noticed Mlioglotl
 40858 | Snake:2  | Killed Mlioglotl
 42238 | Snake:2  | Reached ****** piety under Nemelex Xobeh
 42676 | Snake:2  | Reached skill level 14 in Fire Magic
 42945 | Snake:2  | Received a gift from Nemelex Xobeh
 42962 | Snake:2  | Identified the +5 ring mail of Gehenna {Dex+4}
 43349 | Snake:2  | Noticed a nagaraja
 43359 | Snake:2  | Killed a nagaraja
 44190 | Snake:3  | Found Ihoppec's Antique Weapon Boutique.
 44219 | Snake:3  | Noticed Kirke
 44225 | Snake:3  | Kirke changed into Kirke the ettin
 44225 | Snake:3  | Noticed Kirke
 44242 | Snake:3  | Reached XP level 17. HP: 141/144 MP: 5/28
 44245 | Snake:3  | Killed Kirke the ettin
 44770 | Snake:3  | Found Xesenok's Armour Shoppe.
 44772 | Snake:3  | Found Unoly's Book Emporium.
 44772 | Snake:3  | Found Gesouloidgh's Book Shoppe.
 44777 | Snake:3  | Found Nabbeu's Distillery.
 44795 | Snake:3  | Bought a book of Flames for 504 gold pieces
 44800 | Snake:3  | Learned a level 4 spell: Sticky Flame
 44808 | Snake:3  | Found a runed translucent gate.
 44820 | Snake:3  | Noticed Jiagg's ghost (adept DrMo)
 44848 | Snake:3  | Found a runed translucent gate.
 44850 | Snake:3  | Received a gift from Nemelex Xobeh
 44866 | Snake:3  | Identified the +1 hand axe of Karma {vamp, rCorr Str+5
                  | Dex+3}
 45053 | Snake:3  | Found a runed translucent gate.
 46227 | Snake:3  | Killed Jiagg's ghost
 46252 | Snake:3  | Reached skill level 1 in Air Magic
 46407 | Snake:3  | Acquired a +1 broad axe of flaming
 46437 | Snake:4  | Entered Level 4 of the Snake Pit
 46854 | Snake:4  | Received a gift from Nemelex Xobeh
 49267 | Snake:4  | Got a serpentine rune of Zot
 49861 | D:6      | Killed MakMorn's ghost
 50146 | D:10     | Killed Urug
 50656 | Elf:1    | Entered Level 1 of the Elven Halls
 51020 | Orc:2    | Bought a broad axe for 108 gold pieces
 51379 | Elf:1    | Received a gift from Nemelex Xobeh
 51496 | Elf:1    | Paralysed by an air elemental for 1 turns
 51498 | Elf:1    | Paralysed by an air elemental for 1 turns
 51502 | Elf:1    | Paralysed by an air elemental for 1 turns
 51997 | Elf:1    | Reached XP level 18. HP: 152/152 MP: 24/30
 52010 | Elf:1    | Received a gift from Nemelex Xobeh
 52112 | Elf:1    | Reached skill level 5 in Evocations
 52515 | Elf:1    | Paralysed by an air elemental for 1 turns
 52517 | Elf:1    | Paralysed by an air elemental for 1 turns
 52677 | Elf:2    | Found Meronnet's Jewellery Boutique.
 52677 | Elf:2    | Found Boerint's General Store.
 52681 | Elf:2    | Found Ymipp's Book Boutique.
 52689 | Elf:2    | Bought a scroll of blinking for 90 gold pieces
 52899 | Elf:2    | Received a gift from Nemelex Xobeh
 53455 | Elf:2    | Reached skill level 15 in Fire Magic
 54332 | Elf:2    | Found a runed translucent gate.
 54333 | Elf:2    | Found a runed translucent gate.
 54333 | Elf:2    | Found a runed translucent gate.
 54420 | Elf:3    | Entered Level 3 of the Elven Halls
 54434 | Elf:3    | Found Nacw's Assorted Antiques.
 54480 | Elf:3    | Noticed a Hell Sentinel
 54561 | Elf:3    | Noticed a deep elf master archer
 54658 | Elf:3    | Killed a deep elf master archer
 54745 | Elf:3    | Identified the +2 ring mail of the Good {Str+3}
 54756 | Elf:3    | Received a gift from Nemelex Xobeh
 55625 | Elf:3    | Noticed a deep elf blademaster
 55670 | Elf:3    | Noticed a deep elf master archer
 55670 | Elf:3    | Identified the +1 trident of Res Nullius {heavy, +Blink rC-
                  | Stlth+}
 55848 | Elf:3    | Identified the ring of Broken Luck {rC- rN+ Dex+3 Stlth+}
 56247 | Elf:3    | Identified the ring "Sadytz" {rPois rC+ Will++ rCorr}
 56408 | Elf:3    | Killed a deep elf master archer
 56818 | Elf:3    | Noticed a deep elf blademaster
 56905 | Elf:2    | Killed a deep elf blademaster
 56906 | Elf:2    | Reached XP level 19. HP: 123/162 MP: 16/32
 57508 | Elf:3    | Paralysed by an air elemental for 1 turns
 57759 | Elf:3    | Got the Exposition on the Overcast Anticline
 57766 | Elf:3    | Identified the staff of the Healing Puffin {rF+ Dex+3
                  | Earth}
 57793 | Elf:3    | Identified the +1 shortbow of Nugaahurgh {elec, rF+ Str+3}
 57816 | Elf:3    | Identified the dragon-blood talisman of Xino {MP+9 Int+3}
 57856 | Elf:3    | Got Weonafiu's Directory of Cryomancy
 57878 | Elf:3    | Identified the +4 shortbow "Nuasuv" {flame, rPois Str+8
                  | Stlth-}
 57888 | Elf:3    | Learned a level 6 spell: Starburst
 58236 | Lair:5   | Killed Beryl's ghost
 58256 | Lair:5   | Identified the staff of Xuby {rElec rF+ Str-3 Int+4 SInv
                  | Fire}
 58386 | Swamp:1  | Entered Level 1 of the Swamp
 59493 | Swamp:2  | Received a gift from Nemelex Xobeh
 59869 | Swamp:2  | Found a frozen archway.
 59946 | Swamp:2  | Identified the +4 ring mail of Ezuili {Dex+4}
 60034 | IceCv    | Entered an ice cave
 61059 | IceCv    | Noticed an Ice Fiend
 61541 | IceCv    | Killed an Ice Fiend
 61749 | IceCv    | Received a gift from Nemelex Xobeh
 61761 | IceCv    | Got the Omnibus of the Iceberg
 62597 | Swamp:2  | Got Khufu's Handbook of Reanimation Made Easy
 62758 | Swamp:2  | Found a runed translucent door.
 63586 | Swamp:2  | Received a gift from Nemelex Xobeh
 63783 | Swamp:3  | Noticed a tentacled monstrosity
 63984 | Swamp:3  | Reached skill level 15 in Axes
 64310 | Swamp:3  | Found a large runed translucent door.
 64311 | Swamp:3  | Found a large runed translucent door.
 64312 | Swamp:3  | Noticed Feumiesk's ghost (adept FeEE)
 64377 | Swamp:3  | Killed a tentacled monstrosity
 64389 | Swamp:3  | Reached XP level 20. HP: 154/173 MP: 19/33
 64941 | Swamp:3  | Killed Feumiesk's ghost
 65119 | Swamp:4  | Entered Level 4 of the Swamp
 65119 | Swamp:4  | Received a gift from Nemelex Xobeh
 65462 | Swamp:4  | Noticed Roxanne
 65465 | Swamp:4  | Identified the +0 trident of Dismay {freeze, Contam Will++
                  | rCorr}
 65477 | Swamp:3  | Reached skill level 16 in Fire Magic
 66011 | Swamp:4  | Noticed Donald
 66026 | Swamp:4  | Killed Donald
 66045 | Swamp:4  | Identified the serpent talisman of Theory {rCorr Dex+3}
 66045 | Swamp:4  | Noticed Aizul
 66052 | Swamp:4  | Aizul changed into Aizul the goliath frog
 66052 | Swamp:4  | Noticed Aizul
 66055 | Swamp:4  | Killed Aizul the goliath frog
 66997 | Swamp:4  | Got a decaying rune of Zot
 67353 | Swamp:4  | Killed Roxanne
 68108 | D:13     | Killed kd29's ghost
 68109 | D:13     | Reached skill level 10 in Spellcasting
 68454 | D:14     | Received a gift from Nemelex Xobeh
 68623 | D:14     | Reached skill level 15 in Shields
 68876 | D:14     | Found a gate to the Vaults.
 69047 | D:14     | Reached skill level 15 in Conjurations
 69121 | D:14     | Identified the +2 scale mail of Happy Babbling {rF+ Int+5
                  | Dex-5}
 69139 | D:14     | Identified the +11 short sword "Zipseirch" {freeze, *Slow
                  | Will- Dex+5}
 69139 | D:14     | Noticed Louise
 69550 | D:14     | Received a gift from Nemelex Xobeh
 69569 | D:14     | Killed Louise
 70004 | D:15     | Entered Level 15 of the Dungeon
 70031 | D:15     | Found a hazy altar of Hepliaklqana.
 70667 | D:15     | Found a staircase to the Depths.
 70909 | Vaults:1 | Entered Level 1 of the Vaults
 70966 | Vaults:1 | Reached XP level 21. HP: 70/181 MP: 22/35
 70966 | Vaults:1 | Noticed Nikola
 71316 | Vaults:1 | Killed Nikola
 71345 | Vaults:1 | Noticed Saint Roka
 71662 | Vaults:1 | Killed Saint Roka
 72643 | Vaults:1 | Received a gift from Nemelex Xobeh
 72997 | Vaults:1 | Reached skill level 17 in Fire Magic
 72999 | Vaults:1 | Reached skill level 10 in Dodging
 73796 | Vaults:1 | Received a gift from Nemelex Xobeh
 74222 | Vaults:1 | Received a gift from Nemelex Xobeh
 76680 | Vaults:2 | Reached XP level 22. HP: 189/189 MP: 36/36
 76948 | Vaults:3 | Received a gift from Nemelex Xobeh
 77073 | Vaults:3 | Reached skill level 5 in Air Magic
 77640 | Vaults:3 | Received a gift from Nemelex Xobeh
 78073 | Vaults:3 | Received a gift from Nemelex Xobeh
 78232 | Vaults:3 | Noticed Asterion
 78238 | Vaults:3 | Killed Asterion
 78260 | Vaults:3 | Reached skill level 18 in Fire Magic
 78633 | Vaults:3 | Found a staircase to the Crypt.
 78633 | Vaults:3 | Found a basalt altar of Yredelemnul.
 78634 | Vaults:3 | Found an ancient bone altar of Kikubaaqudgha.
 78874 | Vaults:3 | Got Zev Lib's Vellum of Fascination
 79013 | Vaults:3 | Identified the ring "Ofaubiuff" {Wiz Drain rElec rCorr}
 79367 | Vaults:4 | Noticed Xtahua
 79374 | Vaults:4 | Killed Xtahua
 79503 | Vaults:4 | Received a gift from Nemelex Xobeh
 80760 | Vaults:4 | Received a gift from Nemelex Xobeh
 81047 | Crypt:1  | Entered Level 1 of the Crypt
 81425 | Vaults:3 | Reached XP level 23. HP: 195/195 MP: 31/37
 81853 | D:1      | Bought the +3 pair of mountain boots {steadfast, rC+} for
                  | 603 gold pieces
 81853 | D:1      | Found the +3 pair of mountain boots {steadfast, rC+}
 82761 | Vaults:3 | Learned a level 6 spell: Plasma Beam
 82902 | Crypt:1  | Received a gift from Nemelex Xobeh
 83663 | Crypt:1  | Received a gift from Nemelex Xobeh
 83690 | Crypt:1  | Found a huge runed translucent gate.
 83690 | Crypt:1  | Found a huge runed translucent gate.
 83691 | Crypt:1  | Found a huge runed translucent gate.
 83691 | Crypt:1  | Found a huge runed translucent gate.
 83691 | Crypt:1  | Found a huge runed translucent gate.
 83692 | Crypt:1  | Found a huge runed translucent gate.
 83692 | Crypt:1  | Found a huge runed translucent gate.
 83715 | Crypt:1  | Found a huge runed translucent gate.
 83715 | Crypt:1  | Found a huge runed translucent gate.
 84487 | Crypt:1  | Identified the blade talisman "Siorag" {+Blink rElec Str+7
                  | Slay-4}
 84630 | Crypt:1  | Received a gift from Nemelex Xobeh
 85700 | Crypt:2  | Noticed Sojobo
 85732 | Crypt:2  | Killed Sojobo
 86435 | Crypt:2  | Reached skill level 19 in Fire Magic
 88506 | Crypt:3  | Entered Level 3 of the Crypt
 88859 | Crypt:3  | Received a gift from Nemelex Xobeh
 89186 | Crypt:3  | Reached skill level 5 in Staves
 90350 | Crypt:3  | Found a staircase to the Tomb.
 92499 | Crypt:3  | Reached XP level 24. HP: 198/202 MP: 25/37
 92531 | Crypt:3  | Noticed a curse toe
 92671 | Crypt:3  | Identified the +6 mace of Domination {venom, rCorr Int+3}
 92962 | Crypt:3  | Identified the +0 trident "Acwuj" {drain, rC++}
 92979 | Crypt:3  | Killed a curse toe
 93275 | Crypt:3  | Noticed a curse toe
 93332 | Crypt:3  | Killed a curse toe
 93347 | Crypt:3  | Found a basalt altar of Yredelemnul.
 93349 | Crypt:3  | Found an ancient bone altar of Kikubaaqudgha.
 93392 | Crypt:3  | Received a gift from Nemelex Xobeh
 93490 | Crypt:3  | Reached skill level 15 in Invocations
 93940 | Depths:1 | Entered Level 1 of the Depths
 94569 | Depths:1 | Found a one-way gate to the infinite horrors of the Abyss.
 94577 | Depths:1 | Found a hazy altar of Hepliaklqana.
 95041 | Depths:1 | Reached skill level 20 in Fire Magic
 95377 | Depths:1 | Found a one-way gateway to a ziggurat.
 95559 | Depths:1 | Found a gateway to Hell.
 96267 | Depths:2 | Noticed Vv
 96312 | Depths:2 | Killed Vv
 97133 | Depths:2 | Identified the ring of Caymunn {rF+ Dex+2}
 97950 | Snake:3  | Bought the Unrestrained Analects for 828 gold pieces
 97959 | Snake:3  | Learned a level 8 spell: Ignition
 98527 | Depths:2 | Identified the ring of Springtime {rC+ Str+3}
 99157 | Depths:2 | Received a gift from Nemelex Xobeh
 99241 | Depths:2 | Found a sparkling altar of Nemelex Xobeh.
 99601 | Depths:2 | Found a one-way gate leading to the halls of Pandemonium.
 99650 | Depths:2 | Reached skill level 21 in Fire Magic
 99878 | Depths:2 | Identified the ring of Generosity {rF+ Str+2}
100391 | Depths:2 | Found a transporter.
100835 | Depths:2 | Found a hide-covered altar of Uskayaw.
100969 | Depths:2 | Found a transporter.
101827 | Depths:3 | Noticed a caustic shrike
101831 | Depths:3 | Found Oniggur's Antique Armour Shoppe.
101837 | Depths:3 | Killed a caustic shrike
101851 | Depths:3 | Identified the +9 shortbow "Grom" {antimagic, rElec}
101936 | Depths:3 | Reached XP level 25. HP: 210/210 MP: 6/38
103001 | Depths:3 | Reached skill level 22 in Fire Magic
103385 | Depths:3 | Received a gift from Nemelex Xobeh
104363 | Depths:4 | Entered Level 4 of the Depths
105368 | Depths:4 | Received a gift from Nemelex Xobeh
105727 | Depths:4 | Found a glowing golden altar of the Shining One.
106096 | Depths:4 | Noticed a juggernaut
106364 | Depths:4 | Reached skill level 23 in Fire Magic
106681 | Depths:4 | Found a gate to the Realm of Zot.
107086 | Depths:4 | Killed a juggernaut
107854 | Lair:1   | Killed Neqioxon's ghost
108048 | D:6      | Bought a potion of heal wounds for 115 gold pieces
108384 | Snake:3  | Bought a potion of heal wounds for 95 gold pieces
108384 | Snake:3  | Bought 2 potions of heal wounds for 190 gold pieces
108384 | Snake:3  | Bought a potion of magic for 152 gold pieces
108384 | Snake:3  | Bought 2 potions of haste for 380 gold pieces
108396 | Snake:3  | Acquired 897 gold pieces
109701 | Orc:1    | Killed SheepSpotted's ghost
109929 | Elf:2    | Noticed Norris
109936 | Elf:2    | Killed Norris
109937 | Elf:2    | Reached XP level 26. HP: 172/217 MP: 13/38
110544 | Elf:2    | Received a gift from Nemelex Xobeh
111088 | Elf:2    | Bought a potion of haste for 120 gold pieces
111471 | Vaults:5 | Entered Level 5 of the Vaults
111471 | Vaults:5 | Received a gift from Nemelex Xobeh
111630 | Vaults:4 | Reached skill level 24 in Fire Magic
111823 | Vaults:5 | Noticed an ancient lich
111826 | Vaults:5 | Identified the ring of Duiwin {EV+5 Stlth+}
112036 | Vaults:4 | Killed an ancient lich
112680 | Vaults:5 | Noticed a dread lich
112827 | Vaults:4 | Killed a dread lich
113010 | Vaults:5 | Noticed an ancient lich
113096 | Vaults:4 | Killed an ancient lich
113890 | Vaults:5 | Identified the +0 crystal plate armour "Eroowk" {rF- Will-
                  | rCorr Str+4}
113902 | Vaults:5 | Identified the ring "Cinulo" {Fly rElec Stlth+}
113917 | Vaults:5 | Identified the +7 ring mail of Beyond {SInv}
114199 | Vaults:5 | Reached XP level 27. HP: 209/224 MP: 19/38
114334 | Vaults:5 | Noticed an ancient lich
114350 | Vaults:5 | Killed an ancient lich
114670 | Vaults:5 | Noticed a dread lich
114696 | Vaults:5 | Killed a dread lich
115284 | Vaults:5 | Got a silver rune of Zot
115453 | Vaults:5 | Acquired 671 gold pieces
115455 | Vaults:5 | Acquired 489 gold pieces
115468 | Vaults:5 | Identified the +1 whip "Xoewyejece" {spect, rPois Will++}
115824 | Zot:1    | Entered Level 1 of the Realm of Zot
115841 | Zot:1    | Reached skill level 25 in Fire Magic
116798 | Zot:1    | Received a gift from Nemelex Xobeh
118673 | Zot:1    | Noticed an orb of fire
118674 | Zot:1    | Noticed an orb of fire
118682 | Zot:1    | Gained mutation: You sometimes lose your temper in combat.
                  | [an orb of fire]
119018 | Zot:1    | Received a gift from Nemelex Xobeh
119051 | Zot:1    | Received a gift from Nemelex Xobeh
119407 | Zot:1    | Noticed an orb of fire
119494 | Zot:1    | Gained mutation: You are clumsy. (Dex -2) [an orb of fire]
119497 | Zot:1    | Gained mutation: Your magical capacity is low. (-10% MP)
                  | [an orb of fire]
119501 | Zot:1    | Lost mutation: You are clumsy. (Dex -2) [an orb of fire]
119516 | Zot:1    | Gained mutation: You are occasionally teleported next to
                  | monsters. [an orb of fire]
119520 | Zot:1    | Gained mutation: You are vulnerable to cold. (rC-) [an orb
                  | of fire]
119522 | Zot:1    | Killed an orb of fire
119850 | Zot:1    | Identified the -1 quarterstaff "Safaddu" {freeze, Will+
                  | Str+3 Int+3}
120879 | Zot:2    | Found the +4 dragonskin cloak
120879 | Zot:2    | Noticed Tiamat
121619 | Zot:1    | Lost mutation: You are vulnerable to cold. (rC-) [potion of
                  | mutation]
121619 | Zot:1    | Lost mutation: Your magical capacity is low. (-10% MP)
                  | [potion of mutation]
121619 | Zot:1    | Gained mutation: You are frail. (-10% HP) [potion of
                  | mutation]
121620 | Zot:1    | Lost mutation: You sometimes lose your temper in combat.
                  | [potion of mutation]
121620 | Zot:1    | Lost mutation: You are frail. (-10% HP) [potion of
                  | mutation]
121620 | Zot:1    | Gained mutation: You are partially covered in iridescent
                  | scales. (AC +2) [potion of mutation]
121620 | Zot:1    | Gained mutation: You occasionally shout uncontrollably at
                  | your foes. [potion of mutation]
121621 | Zot:1    | Lost mutation: You are occasionally teleported next to
                  | monsters. [potion of mutation]
121621 | Zot:1    | Lost mutation: You are partially covered in iridescent
                  | scales. (AC +2) [potion of mutation]
121621 | Zot:1    | Gained mutation: You have large cloven feet. [potion of
                  | mutation]
121715 | Zot:1    | Gained mutation: Your body sometimes deteriorates upon
                  | taking damage. [an orb of fire]
121726 | Zot:1    | Gained mutation: Your magical capacity is low. (-10% MP)
                  | [an orb of fire]
121737 | Zot:1    | Gained mutation: Your magical capacity is very low. (-20%
                  | MP) [an orb of fire]
121738 | Zot:1    | Killed an orb of fire
122224 | Zot:1    | Gained mutation: You are weak. (Str -2) [an orb of fire]
122231 | Zot:1    | Gained mutation: Armour fits poorly on your strangely
                  | shaped body. [an orb of fire]
122249 | Zot:1    | Gained mutation: Potions are less effective at restoring
                  | your health. [an orb of fire]
122253 | Zot:1    | Gained mutation: You occasionally lose the ability to read
                  | scrolls when taking damage. [an orb of fire]
122256 | Zot:1    | Killed an orb of fire
122688 | Zot:2    | Received a gift from Nemelex Xobeh
123324 | Zot:2    | Reached skill level 26 in Fire Magic
124160 | Zot:2    | Tiamat changed into Tiamat the shard shrike
124160 | Zot:2    | Noticed Tiamat
124168 | Zot:2    | Killed Tiamat the shard shrike
124539 | Zot:2    | HP: 11/224 [acid (3)]
124541 | Zot:2    | HP: 3/224 [acid blob (15)]
124541 | Zot:2    | Splashed by an acid blob's acid

Illustrated notes

Levels and vault maps discovered:
D:1:      arrival_aquarium_b, layout_loops_corners, serial_shops,
          nicolae_shop_overgrown_old_shop, amethyst_killhole, st_stairs_4,
          nrook_uturn
D:2:      layout_loops_ring, basic_altar
D:3:      layout_basic, cheibrodos_ashenzari_chains,
          hangedman_abyss_or_decor_stabs
D:4:      layout_rooms, tgw_trog, temple_hall_moat, minmay_strange_pillars
D:5:      gammafunk_steamed_eel, layout_loops_ring, serial_shops,
          nicolae_shop_back_alley_shop, nicolae_shop_trees, uniq_ijyb,
          uniq_blork_the_orc
D:6:      layout_rooms, gammafunk_temple_overflow_statue,
          nicolae_overflow_hidden_temple, mainiacjoe_overflow_divided_tiny,
          lightli_ossuary_entry_decrepit_ruins, ebering_ghost_reflecting_pool,
          serial_shops, shop, hellmonk_no_cap
D:7:      layout_basic, kennysheep_little_box, zin_statuary,
          chequers_guarded_unrand_ignorance
D:8:      layout_loops_ring, amcnicky_altar_gilded, minmay_crystal_room
D:9:      layout_irregular_city, nicolae_ru_awakened_eye,
          grunt_lair_entry_orc_guard_hut, enter_bailey_1,
          chequers_serial_rivers_large_b, lightli_fourway_metalbox
D:10:     minmay_slanted_spiral_squares, layout_basic, uniq_harold, uniq_urug,
          uniq_psyche
D:11:     layout_stronghold
D:12:     layout_cross, orc_0_dummy, gauntlet_entry_generic, serial_shops,
          nicolae_shop_pleasant_corner_grove, nicolae_diamond_shop
D:13:     layout_roguey, maelrawn_ghost_gauntlet_escape, nicolae_nh_vlads_tower
D:14:     layout_basic, grunt_vaults_entry_tiered, serial_park_tiny_2,
          minmay_radiant, uniq_louise
D:15:     hangedman_depths_entry_civil_slaughter, layout_rooms,
          lemuel_round_altar
Temple:   hellmonk_temple_of_storms
Lair:1:   layout_gridlike, gammafunk_ghost_berserking_beasts,
          minmay_lair_oklob_items, grunt_megastairs_5, uniq_amaemon
Lair:2:   layout_misc_corridors, nicolae_swamp_entry_splash_gauntlet,
          basic_altar, serial_bayou_shore_a, grunt_megastairs_1
Lair:3:   layout_cave_pods, nicolae_snake_entry_squirm,
          grunt_forest_stairs_clearing, uniq_nessos
Lair:4:   layout_regular_city, minmay_slime_entry_pillars, lemuel_fruit_tree
Lair:5:   gammafunk_lair_ancient_temple, layout_gridlike, basic_altar,
          gammafunk_ghost_split
Swamp:1:  layout_basic_swamp, evilmike_swamp_ruin_house_5, swamp_pool_1_2
Swamp:2:  gammafunk_mikee_crab_dinner, layout_basic_swamp,
          portal_ice_cave_entry_ugly_swarm, evilmike_swamp_ruin_house_3,
          nicolae_swamp_necromancy_gone_wrong
Swamp:3:  layout_basic_swamp, ebering_ghost_disaster_area,
          evilmike_swamp_ruin_house_6
Swamp:4:  swamp, layout_basic_swamp, uniq_roxanne, uniq_donald, uniq_aizul
Snake:1:  layout_onion, drop_trap, grunt_ministairs_11, serial_bayou_lagoon_b
Snake:2:  layout_basic, uniq_mlioglotl
Snake:3:  layout_basic, serial_shops, nicolae_shop_window_shopping,
          gammafunk_ghost_split, minmay_shoptagon, uniq_kirke
Snake:4:  grunt_snake_rune_pools, layout_cave_town
Orc:1:    dreamdust_under_siege, layout_caves, gammafunk_ghost_split,
          serial_shops, shop, uniq_nergalle
Orc:2:    grunt_orc_community_town_hall, layout_caves,
          grunt_orc_community_big_house_2, grunt_orc_community_big_house_2,
          grunt_orc_community_house_1, grunt_orc_community_house_2,
          grunt_orc_community_house_3, grunt_orc_community_house_2,
          grunt_orc_community_house_1
Elf:1:    eino_elf_arrival_the_gate, layout_loops_cross, hangedman_elf_represent
Elf:2:    nicolae_elf_blades_crystal_corner, layout_onion_city,
          minmay_shop_star, uniq_norris
Elf:3:    grunt_elf_hall_branching, layout_geoelf_octagon, serial_shops, shop
Vaults:1: infiniplex_enter_wizlab_spiral, st_lattice,
          nicolae_vaults_hexular_roomagon, v_misc_30, v_misc_14, v_rooms_3,
          ontoclasm_vaults_chip, ontoclasm_vaults_spin, grunt_vaults_swirl,
          layout_vaults_chaotic_city, uniq_saint_roka, uniq_nikola
Vaults:2: v_rooms_4, nicolae_vaults_layer_cake_slice, nicolae_vaults_octothorpe,
          grunt_vaults_funnel, v_alt_pattern_5, nicolae_vaults_two_Ls,
          nicolae_vaults_diamond_1, v_misc_2, nicolae_vaults_stepped_doors,
          hangedman_vaults_pinch, nicolae_vaults_tetromino_L_2,
          nicolae_vaults_trapezoid_2, v_misc_24, grunt_vaults_hallway_short,
          nicolae_vaults_asterisk, ontoclasm_vaults_twist, layout_vaults_maze
Vaults:3: minmay_crypt_entry_necro_gods, vaults_dpeg_encased_lava,
          nicolae_vaults_asterisk, ontoclasm_vaults_ligature,
          nicolae_vaults_spaceships, grunt_vaults_hallway_long, v_alt_pattern_6,
          dpeg_vaults_monster_box, nicolae_vaults_little_squares_2,
          vaults_room_pool, nicolae_vaults_sealed_display,
          layout_vaults_omnigrid, serial_hangedman_research,
          hangedman_research_probablistics, uniq_asterion
Vaults:4: v_misc_19, nicolae_vaults_closet_pinwheel_5,
          vaults_mumra_minichess_inversion, hangedman_vaults_stream,
          nicolae_vaults_wine_cellar, nicolae_vaults_alarming, v_misc_19,
          nicolae_vaults_trapezoid_2, nicolae_vaults_twisting_passages,
          nicolae_vaults_little_ls, layout_vaults_omnibox, uniq_xtahua
Vaults:5: serial_shops
Crypt:1:  cheibrodos_crypt_3hun_7po, layout_gridlike
Crypt:2:  hangedman_staggered_hall, layout_misc_corridors,
          corexii_hall_statues_x, uniq_sojobo
Crypt:3:  lightli_unholy_cathedral, layout_chaotic_city,
          nicolae_tomb_entry_unfolded_pyramid_diagonal
Depths:1: layout_gridville, enter_ziggurat_b, hangedman_decor_push, abyss_entry,
          pf_coc_iceberg, nicolae_benzene_ring, nzn_hepliaklqana_mist_gate
Depths:2: hangedman_spin_cycle, pan_entry, hell_entry, uniq_vv
Depths:3: minmay_the_grid_square_5x5_5x5
          [minmay_the_grid_square_5x5_three_walls,
          minmay_the_grid_square_5x5_one_wall, minmay_the_grid_square_5x5_fat_x,
          minmay_the_grid_square_5x5_three_small,
          minmay_the_grid_square_5x5_checkered,
          minmay_the_grid_square_5x5_inner_v,
          minmay_the_grid_square_5x5_prize_waves,
          minmay_the_grid_square_5x5_shrine2,
          minmay_the_grid_square_5x5_prize_snowflake,
          minmay_the_grid_square_5x5_n, minmay_the_grid_square_5x5_bridge,
          minmay_the_grid_square_5x5_c, minmay_the_grid_square_5x5_prize_open,
          minmay_the_grid_square_5x5_seven, minmay_the_grid_square_5x5_inner_z,
          minmay_the_grid_square_5x5_minivault,
          minmay_the_grid_square_5x5_prize_gold,
          minmay_the_grid_square_5x5_corner,
          minmay_the_grid_square_5x5_prize_monsterx,
          minmay_the_grid_square_5x5_two_walls_a,
          minmay_the_grid_square_5x5_eight,
          minmay_the_grid_square_5x5_six_small,
          minmay_the_grid_square_5x5_inner_i, minmay_the_grid_square_5x5_lines,
          minmay_the_grid_square_5x5_dogpile], layout_gridlike, serial_shops,
          nicolae_shop_crystal, corexii_leaking_fountain,
          grunt_hell_entry_dis_grunt, abyss_entry_small_statue_room,
          grunt_ministairs_8
Depths:4: grunt_crosshair, layout_honeycomb, tso_metal_star, abyss_entry,
          pf_dread_powers_of_hell
Zot:1:    grunt_deathspiral_small, layout_cathedral_of_symmetry,
          regret_index_zotdec_tunneler
Zot:2:    lemuel_acid_trip, layout_onion, uniq_tiamat

Skill      XL: |  1  2  3  4  5  6  7  8  9 10 11 12 13 14 15 16 17 18 19 20 21 22 23 24 25 26 27 |
---------------+----------------------------------------------------------------------------------+-----
Armour         | 1 2 3 4 5 6 7 8 10 11 12 13 | 13.0
Fighting       | 1 2 3 4 5 6 8 9 10 11 12 13 14 | 14.0
Dodging        | 2 3 4 5 6 7 8 9 10 | 10.0
Spellcasting   | 2 3 4 5 6 7 8 9 10 11 | 11.0
Conjurations   | 2 3 4 5 6 7 8 10 12 13 14 15 16 17 19 21 22 24 | 24.2
Fire Magic     | 4 5 6 7 8 9 10 11 13 14 15 16 17 18 19 21 23 24 26 | 26.2
Axes           | 1 2 3 4 6 7 8 10 12 13 14 15 16 17 19 | 19.0
Evocations     | 1 2 3 4 5 |  5.0
Shields        | 3 4 6 7 8 10 11 12 14 15 17 18 19 20 22 | 22.6
Invocations    | 2 4 6 7 9 10 11 12 14 15 | 15.0
Translocations | 1 2 |  2.0
Hexes          | 1 3 |  3.0
Throwing       | 1 |  1.0
Staves         | 2 3 5 |  5.0
Stealth        | 2 |  2.0
Air Magic      | 2 3 4 5 |  5.0

Action                     |  1- 3 |  4- 6 |  7- 9 | 10-12 | 13-15 | 16-18 | 19-21 | 22-24 | 25-27 || total
---------------------------+-------+-------+-------+-------+-------+-------+-------+-------+-------++-------
  Melee: Short sword       |    40 |    28 |       |       |       |       |       |       |       ||    68
         Hand axe          |       |     5 |    68 |   108 |     5 |    30 |       |       |       ||   216
         Punch             |       |       |     3 |     2 |       |       |       |       |       ||     5
         War axe           |       |       |       |    74 |   318 |    58 |       |       |       ||   450
         Staff             |       |       |       |       |    30 |    38 |    20 |   100 |    41 ||   229
         Broad axe         |       |       |       |       |     3 |   418 |   917 |   714 |  1142 ||  3194
   Fire: Sling             |       |       |       |       |     3 |       |       |       |       ||     3
  Throw: Dart              |       |       |       |    22 |    14 |     9 |     6 |     7 |     3 ||    61
   Cast: Foxfire           |    68 |   105 |   215 |   317 |   645 |   502 |   408 |   477 |   221 ||  2958
         Scorch            |       |    29 |    93 |   177 |   468 |   482 |   333 |   350 |    78 ||  2010
         Flame Wave        |       |       |     2 |     7 |    24 |     5 |    21 |    14 |     3 ||    76
         Volatile Blastmot |       |       |       |     5 |       |       |     2 |       |       ||     7
         Inner Flame       |       |       |       |     1 |    27 |    12 |     7 |    18 |     1 ||    66
         Fireball          |       |       |       |       |     6 |     9 |    23 |    22 |     3 ||    63
         Sticky Flame      |       |       |       |       |       |    68 |   107 |   130 |    48 ||   353
         Starburst         |       |       |       |       |       |       |     1 |    33 |       ||    34
         Plasma Beam       |       |       |       |       |       |       |       |   121 |    73 ||   194
         Ignition          |       |       |       |       |       |       |       |    31 |   100 ||   131
 Invoke: Draw Destruction  |       |       |       |    11 |    32 |    38 |    22 |    61 |    19 ||   183
         Draw Summoning    |       |       |       |     4 |     5 |    10 |     5 |    12 |     8 ||    44
         Draw Escape       |       |       |       |       |       |     1 |     1 |     1 |     2 ||     5
         Stack Five        |       |       |       |       |       |       |       |     1 |       ||     1
         Draw Stack        |       |       |       |       |       |       |       |     3 |     1 ||     4
  Evoke: Wand              |       |       |       |    14 |     3 |    12 |     5 |    17 |     1 ||    52
    Use: Potion            |       |     3 |     1 |     4 |       |     4 |     7 |     4 |    20 ||    43
         Scroll            |       |       |    25 |     9 |     8 |    12 |    14 |     9 |    23 ||   100
   Stab: Paralysed         |       |       |       |     5 |       |     4 |     1 |       |       ||    10
         Invisible         |       |       |       |       |     2 |       |       |       |     1 ||     3
         Distracted        |       |       |       |       |       |     4 |    16 |    10 |    24 ||    54
         Petrifying        |       |       |       |       |       |       |     1 |       |       ||     1
 Armour: Robe              |    19 |       |       |       |       |       |       |       |       ||    19
         Leather armour    |    18 |    39 |    60 |   317 |   456 |   638 |   760 |   501 |   892 ||  3681
         Steam dragon scal |       |       |    67 |    16 |       |       |       |       |       ||    83
  Dodge: Dodged            |    32 |    49 |    82 |   226 |   413 |   380 |   464 |   262 |   337 ||  2245
  Block: Other             |       |       |    24 |    45 |       |       |       |       |       ||    69
         Reflection        |       |       |     1 |     9 |    27 |    62 |    74 |    54 |    58 ||   285
         Buckler           |       |       |       |    55 |   393 |   172 |       |       |       ||   620
         Kite shield       |       |       |       |       |       |   442 |   986 |   795 |   866 ||  3089

Table legend: (Time is in decaauts)
 A = Elapsed time spent in this place.
 B = Non-inter-level travel time spent in this place.
 C = Inter-level travel time spent in this place.
 D = Time resting spent in this place.
 E = Time spent auto-exploring this place.
 F = Levels seen in this place.
 G = Mean time per level.
                   A        B        C        D        E       F      G
               +--------+--------+--------+--------+--------+-----+--------+
         Total | 124256 | 111606 |  12650 |  40333 |  47781 |  52 | 2389.5 |
       Dungeon |  26679 |  21670 |   5009 |   4378 |  13504 |  15 | 1778.6 |
        Temple |      1 |      1 |      0 |      0 |      0 |   1 |    1.0 |
          Lair |  14697 |  12896 |   1801 |   3320 |   7271 |   5 | 2939.4 |
         Swamp |   7150 |   6742 |    408 |   3036 |   2317 |   4 | 1787.5 |
     Snake Pit |  11134 |  10564 |    570 |   2518 |   5963 |   4 | 2783.5 |
  Orcish Mines |   4195 |   3545 |    650 |    725 |   1723 |   2 | 2097.5 |
   Elven Halls |   8457 |   8041 |    416 |   3565 |   2243 |   3 | 2819.0 |
        Vaults |  15668 |  13739 |   1929 |   4890 |   6330 |   5 | 3133.6 |
         Crypt |  11517 |  10953 |    564 |   5962 |   2408 |   3 | 3839.0 |
        Depths |  13526 |  12599 |    927 |   6192 |   3706 |   4 | 3381.5 |
           Zot |   7007 |   6635 |    372 |   3775 |   1203 |   2 | 3503.5 |
       Ossuary |    428 |    428 |      0 |    216 |    106 |   1 |  428.0 |
        Bailey |    632 |    632 |      0 |    363 |     90 |   1 |  632.0 |
      Ice Cave |   1930 |   1930 |      0 |    958 |    397 |   1 | 1930.0 |
      Gauntlet |   1226 |   1226 |      0 |    432 |    519 |   1 | 1226.0 |
               +--------+--------+--------+--------+--------+-----+--------+

Top non-repeatable levels by time:
   Zot:1: 5086 daAuts
 Crypt:2: 4650 daAuts
  Lair:5: 4505 daAuts
Depths:3: 4232 daAuts
   Elf:2: 4051 daAuts
Vaults:4: 3939 daAuts
Vaults:1: 3931 daAuts
 Crypt:3: 3895 daAuts
  Lair:3: 3809 daAuts
Depths:2: 3549 daAuts
Vaults:3: 3365 daAuts
 Snake:2: 3220 daAuts
 Crypt:1: 2972 daAuts
 Snake:4: 2966 daAuts
Depths:4: 2875 daAuts
